 Dungeon Crawl Stone Soup version 0.19-a0-1626-g5215c36 (webtiles) character file.

35818 Goblin1989 the Carver (level 13, -12/92 HPs)
             Began as a Demonspawn Assassin on Sept 18, 2016.
             Was the Champion of Hepliaklqana.
             Mangled by a swamp worm (14 damage)
             ... on level 5 of the Lair of Beasts.
             The game lasted 01:26:13 (18467 turns).

Goblin1989 the Carver (Demonspawn Assassin)        Turns: 18467, Time: 01:26:14

Health: -12/92     AC: 13    Str: 13    XL:     13   Next: 49%
Magic:  13/13      EV: 19    Int: 12    God:    Hepliaklqana [******]
Gold:   1029       SH:  2    Dex: 19    Spells: 1 memorised, 6 levels left

rFire  + + .     SeeInvis .     b - +5 scimitar
rCold  + . .     Gourm    .     G - +3 leather armour {rF+}
rNeg   . . .     Faith    .     (no shield)
rPois  .         Spirit   .     (no helmet)
rElec  .         Dismiss  .     d - +1 cloak
rCorr  .         Reflect  +     n - +0 pair of gloves
MR     .....     Harm     .     m - +0 pair of boots
Stlth  ++++......               H - +2 amulet of reflection
                                f - ring of protection from fire
                                F - ring of protection from cold

@: no status effects
A: reduced essence, talons 2, molten scales 2, blurry vision 1, demonic guardian
2, mutation resistance 1, powered by pain 2
a: Recall Ancestor, Ancestor Identity, Transference, Idealise, Renounce Religion


You were on level 5 of the Lair of Beasts.
You worshipped Hepliaklqana.
Hepliaklqana was exalted by your worship.
You were not hungry.

You visited 2 branches of the dungeon, and saw 16 of its levels.
You also visited: Sewer and Ice Cave.

You collected 1029 gold pieces.

Inventory:

Hand Weapons
 b - a +5 scimitar (weapon)
 e - the +5 falchion "Nonaseypp" {freeze, Int+2}
   (You found it on level 1 of the Lair of Beasts)

   It has been specially enchanted to freeze those struck by it, causing extra
   injury to most foes and up to half again as much damage against particularly
   susceptible opponents.
   It can also slow down cold-blooded creatures.
   It affects your intelligence (+2).
Armour
 d - a +1 cloak (worn)
 m - a +0 pair of boots (worn)
 n - a +0 pair of gloves (worn)
 G - a +3 leather armour of fire resistance (worn)
Jewellery
 f - a ring of protection from fire (right hand)
 C - an uncursed amulet of regeneration
 F - a ring of protection from cold (left hand)
 H - a +2 amulet of reflection (around neck)
Wands
 p - a wand of iceblast (11/15)
 y - a wand of lightning (4/15)
Scrolls
 c - a scroll of torment {unknown}
 i - 2 scrolls of magic mapping
 k - 5 scrolls of teleportation
 l - 5 scrolls of remove curse
 s - a scroll of silence {unknown}
 t - 2 scrolls of fog
 v - 4 scrolls of recharging
 A - a scroll of fear
 I - a scroll of vulnerability {unknown}
 L - a scroll of brand weapon {unknown}
 N - 6 scrolls of enchant weapon
 Y - 2 scrolls of amnesia {unknown}
Potions
 a - 2 potions of agility
 h - a potion of berserk rage
 o - 2 potions of ambrosia
 q - 2 potions of invisibility
 r - 5 potions of flight
 u - a potion of curing
 w - 6 potions of brilliance
 x - 2 potions of might
 z - a potion of heal wounds
 D - 3 potions of magic
 E - a potion of lignification
 K - a potion of resistance {unknown}
Comestibles
 g - 5 bread rations
 j - 10 meat rations
 B - 26 fruits


   Skills:
 + Level 9.8 Fighting
   Level 3.8(10.1) Short Blades
 - Level 14.0(14.2) Long Blades
 - Level 1.7 Throwing
 + Level 9.1 Dodging
 - Level 7.0 Stealth
 * Level 5.3 Transmutations
 * Level 5.1 Earth Magic


You had 6 spell levels left.
You knew the following spells:

 Your Spells              Type           Power        Failure   Level  Hunger
a - Statue Form           Tmut/Erth      ##.......    100%        6    #######


Dungeon Overview and Level Annotations

Branches:
Dungeon (11/15)            Temple (0/1) D:6            Lair (5/6) D:10
  Swamp (0/4) Lair:4       Spider (0/4) Lair:3        Slime (0/5) Lair:5
    Orc: D:9-12

Altars:
Ashenzari
Cheibriados
Fedhas
Hepliaklqana
Makhleb
Okawaru
Ru
Sif Muna
Trog
Uskayaw
Yredelemnul
The Shining One
Jiyva

Shops:
D:7 (

Annotations:
D:4 exclusion: Grinder, Grinder
D:11 Joseph
Lair:2 exclusion: oklob plant
Lair:4 exclusion: oklob plant


Innate Abilities, Weirdness & Mutations

You have razor-sharp toenails.
You are mostly covered in molten scales. (AC +3)
A demonic guardian rushes to your aid.
You sometimes gain power by taking damage.
Your life essence is reduced. (-10% HP)
Scrolls take you a little longer to read.
You are somewhat resistant to further mutation.


Message History

Ku-aya hits the swamp worm with a dagger of draining.
Ku-aya drains the swamp worm!
The swamp worm barely misses you.
You riposte.
You slash the swamp worm!
The swamp worm is moderately wounded.
The swamp worm bites Ku-aya but does no damage.
You slash the swamp worm!
The swamp worm is heavily wounded.
The swamp worm completely misses you.
You riposte.
You miss the swamp worm.
The swamp worm is heavily wounded.
Ku-aya hits the swamp worm with a dagger of draining!
The swamp worm dies!
You block the swamp worm's attack.
You slice the swamp worm!!
You kill the swamp worm!
The swamp worm bites you!
* * * LOW HITPOINT WARNING * * *
Ku-aya points at the swamp worm and mumbles some strange words.
The swamp worm resists with significant effort.
The swamp worm bites you!
You die...

##..._...........#..#.##
#.............##.##...#
##......P..P###≈######.##
#......#....≈#≈≈≈P≈#≈...#
#########...≈≈≈≈w≈≈≈≈P.P#
#..≈≈≈≈≈≈≈≈≈≈≈≈.###
##.≈≈≈#######≈≈≈..#
#..≈≈P#≈R≈≈≈##≈≈.##
##.@≈≈†≈≈≈≈≈≈%#≈≈.#.
#..w≈†≈#≈≈≈≈≈##≈≈.##
##..≈≈≈#######≈≈≈...
##P.≈≈≈≈≈≈≈≈≈≈≈....
#...P≈≈≈≈≈≈≈......
##...#≈#†.........
#..######P..P..#.. ##.##
##..#####. ##.P#
##..#####


You could see the friendly Ku-aya the hexer, a swamp worm and a worm
(wandering).

Vanquished Creatures
  Kirke (Lair:5)
  A frost giant (IceCv)
  A death yak (IceCv)
  A hill giant (D:9)
  2 black mambas
  2 elephants (Lair:3)
  9 spiny frogs
  2 rime drakes
  2 komodo dragons (Lair:5)
  2 trolls
  3 blink frogs (Lair:4)
  11 polar bears (IceCv)
  8 hippogriffs
  Sigmund (D:6)
  A vampire (D:10)
  A wraith (D:10)
  A hog (Lair:5)
  20 yaks
  A basilisk (Lair:4)
  Edmund (D:4)
  A steam dragon (D:10)
  Menkaure (D:5)
  2 swamp worms (Lair:5)
  9 porcupines
  2 ice beasts
  10 water moccasins
  Purgy (Sewer)
  2 sky beasts
  A slave (D:9)
  7 ogres
  23 wolves
  A phantom (D:10)
  9 crocodiles
  3 centaurs
  A big kobold (D:9)
  Blork the orc (D:5)
  13 bullfrogs
  Dowan (D:5)
  2 scorpions
  9 wights (D:10)
  5 howler monkeys
  2 crimson imps
  2 hounds
  5 orc priests
  8 jellies
  A bullfrog skeleton (D:11)
  6 orc wizards
  A gnoll shaman (D:7)
  4 iguanas
  6 worker ants
  A worker ant zombie (D:11)
  8 gnolls (D:7)
  A howler monkey skeleton (D:10)
  19 river rats
  10 adders
  2 shadow imps (D:5)
  15 oozes
  9 worms
  5 dart slugs
  6 leopard geckos
  27 orcs
  6 ball pythons
  7 giant cockroaches
  6 goblins
  8 hobgoblins
  7 jackals
  6 quokkas
  7 bats
  10 frilled lizards
  6 kobolds
  10 rats
386 creatures vanquished.

Vanquished Creatures (collateral kills)
  Fannar (Lair:2)
  6 hydras
  Pikel (D:9)
  3 elephants (Lair:3)
  A centaur zombie (D:11)
  2 rime drakes (Lair:2)
  A jumping spider (Lair:3)
  A polar bear (IceCv)
  A blink frog (Lair:4)
  2 hippogriffs
  A wraith (D:10)
  14 yaks
  2 basilisks
  A swamp worm (Lair:5)
  Duvessa (D:5)
  A porcupine (Lair:2)
  7 water moccasins
  A sky beast (D:5)
  A black bear (D:7)
  2 ice beasts
  A centaur (D:11)
  8 wolves
  2 crocodiles
  A big kobold (D:11)
  A bullfrog (Lair:3)
  A crimson imp (D:8)
  An iguana (Lair:2)
  2 orc wizards
  A river rat (Lair:4)
  A shadow imp (D:6)
  5 oozes (Lair:4)
  2 worms (Lair:5)
  A leopard gecko (D:8)
  3 orcs
  2 giant cockroaches
  2 jackals (D:11)
  2 frilled lizards (Sewer)
  A leopard gecko zombie (D:6)
  A fungus (Lair:4)
88 creatures vanquished.

Vanquished Creatures (others)
  3 polar bears (IceCv)
  2 humans (Lair:5)
  A slave (D:9)
  6 wolves (IceCv)
  A crimson imp (D:9)
  2 worker ants (D:9)
  10 hexers
  A worm (Lair:5)
  12 fungi
  7 plants (Lair:5)
45 creatures vanquished.

Grand Total: 519 creatures vanquished

Notes
Turn   | Place    | Note
-------+----------+-------------------------------------------
     0 | D:1      | Goblin1989 the Demonspawn Assassin began the quest for the Orb.
     0 | D:1      | Reached XP level 1. HP: 16/16 MP: 1/1
   470 | D:1      | Gained mutation: You have sharp toenails. [demonic ancestry]
   470 | D:1      | Reached XP level 2. HP: 19/22 MP: 2/2
   718 | D:1      | Gained mutation: A weak demonic guardian rushes to your aid. [demonic ancestry]
   718 | D:1      | Reached XP level 3. HP: 27/27 MP: 3/3
  1280 | D:2      | Reached XP level 4. HP: 33/33 MP: 4/4
  1533 | D:2      | Found a snail-covered altar of Cheibriados.
  1624 | D:2      | Found a glowing golden altar of the Shining One.
  2291 | D:3      | Found a blossoming altar of Fedhas.
  2409 | D:3      | Gained mutation: You sometimes gain a little power by taking damage. [demonic ancestry]
  2409 | D:3      | Reached XP level 5. HP: 38/38 MP: 5/5
  2592 | D:4      | Noticed Edmund
  2599 | D:4      | Killed Edmund
  2599 | D:4      | Reached skill level 2 in Long Blades
  2611 | D:4      | Noticed an ogre
  2619 | D:4      | Killed an ogre
  2619 | D:4      | Reached skill level 3 in Long Blades
  2619 | D:4      | Gained mutation: You are partially covered in molten scales. (AC +2) [demonic ancestry]
  2619 | D:4      | Reached XP level 6. HP: 17/44 MP: 6/6
  2672 | D:4      | Found a basalt altar of Yredelemnul.
  2721 | D:4      | Noticed Grinder
  2780 | D:4      | Found a deep blue altar of Sif Muna.
  2781 | D:4      | Found a bloodstained altar of Trog.
  2831 | D:5      | Entered Level 5 of the Dungeon
  2842 | D:5      | Reached skill level 4 in Long Blades
  2866 | D:5      | Noticed Blork the orc
  2875 | D:5      | Killed Blork the orc
  2879 | D:5      | Noticed Menkaure
  2883 | D:5      | Killed Menkaure
  2883 | D:5      | Reached skill level 5 in Stealth
  2883 | D:5      | Gained mutation: A demonic guardian rushes to your aid. [demonic ancestry]
  2883 | D:5      | Reached XP level 7. HP: 35/50 MP: 7/7
  2975 | D:5      | Reached skill level 5 in Long Blades
  3341 | D:5      | Found a burning altar of Makhleb.
  3382 | D:5      | Gained mutation: You are somewhat resistant to further mutation. [mutagenic meat]
  3391 | D:5      | Gained mutation: Scrolls take you a little longer to read. [mutagenic meat]
  3411 | D:5      | Noticed Duvessa
  3411 | D:5      | Reached skill level 6 in Long Blades
  3417 | D:5      | Killed Duvessa
  3417 | D:5      | Reached XP level 8. HP: 53/56 MP: 8/8
  3423 | D:5      | Noticed Dowan
  3430 | D:5      | Killed Dowan
  3619 | D:5      | Found a hazy altar of Hepliaklqana.
  3625 | D:5      | Became a worshipper of Hepliaklqana
  3805 | D:6      | Found a glowing drain.
  3831 | Sewer    | Entered a sewer
  3919 | Sewer    | Noticed Purgy
  3924 | Sewer    | Killed Purgy
  4035 | D:6      | Noticed Sigmund
  4045 | D:6      | Killed Sigmund
  4045 | D:6      | Reached skill level 7 in Long Blades
  4072 | D:6      | Found a shattered altar of Ashenzari.
  4508 | D:6      | Found a blossoming altar of Fedhas.
  4652 | D:6      | Reached * piety under Hepliaklqana
  4725 | D:6      | Reached skill level 8 in Long Blades
  4815 | D:6      | Found a staircase to the Ecumenical Temple.
  5093 | D:7      | Found Fust's Weapon Boutique.
  5438 | D:7      | Reached ** piety under Hepliaklqana
  5443 | D:7      | Remembered your ancestor Ku-aya as a hexer
  5543 | D:7      | Reached XP level 9. HP: 48/54 MP: 9/9
  5823 | D:7      | Reached skill level 9 in Long Blades
  6187 | D:8      | Learned a level 6 spell: Statue Form
  6223 | D:8      | Reached *** piety under Hepliaklqana
  6419 | D:8      | Found a hide-covered altar of Uskayaw.
  6556 | D:8      | Reached skill level 1 in Dodging
  6709 | D:9      | Found a sacrificial altar of Ru.
  6717 | D:9      | Reached **** piety under Hepliaklqana
  6832 | D:9      | Reached skill level 10 in Long Blades
  6983 | D:9      | Noticed Pikel
  7005 | D:9      | Killed Pikel
  7428 | D:9      | Noticed a hill giant
  7438 | D:9      | Killed a hill giant
  7438 | D:9      | Gained mutation: You are mostly covered in molten scales. (AC +3) [demonic ancestry]
  7438 | D:9      | Reached XP level 10. HP: 63/63 MP: 10/10
  7566 | D:9      | Noticed Joseph
  7851 | D:10     | Entered Level 10 of the Dungeon
  8220 | D:10     | Found a staircase to the Lair.
  8300 | D:10     | Reached skill level 11 in Long Blades
  8330 | D:10     | Got an encrusted trident
  8331 | D:10     | Identified the +4 trident "Ashreod" {venom, MR+ Dex+4} (You found it on level 10 of the Dungeon)
  8417 | D:10     | Got a pitted scale mail
  8428 | D:10     | Identified the +3 scale mail "Vuaf" {rPois rC- MR+ SInv} (You found it on level 10 of the Dungeon)
  8833 | D:10     | Reached skill level 5 in Fighting
  9460 | D:11     | Reached skill level 5 in Dodging
  9530 | Lair:1   | Entered Level 1 of the Lair of Beasts
  9544 | Lair:1   | Reached ***** piety under Hepliaklqana
  9556 | Lair:1   | Gained mutation: You have razor-sharp toenails. [demonic ancestry]
  9556 | Lair:1   | Reached XP level 11. HP: 48/72 MP: 11/11
  9615 | Lair:1   | Reached skill level 12 in Long Blades
  9699 | Lair:1   | Got a twisted falchion
  9700 | Lair:1   | Identified the +5 falchion "Nonaseypp" {freeze, Int+2} (You found it on level 1 of the Lair of Beasts)
 10148 | Lair:1   | Found a burning altar of Makhleb.
 10613 | Lair:1   | Upgraded the game from 0.19-a0-1608-g4cf22de to 0.19-a0-1626-g5215c36
 10874 | Lair:2   | Noticed a six-headed hydra
 10883 | Lair:2   | Noticed Fannar
 10958 | Lair:2   | Found a frozen archway.
 10970 | IceCv    | Entered an ice cave
 11930 | IceCv    | Reached skill level 13 in Long Blades
 12862 | IceCv    | Noticed a frost giant
 12862 | IceCv    | Noticed a death yak
 12875 | IceCv    | Killed a death yak
 12875 | IceCv    | Gained mutation: You sometimes gain power by taking damage. [demonic ancestry]
 12875 | IceCv    | Reached XP level 12. HP: 81/82 MP: 12/12
 12899 | IceCv    | Killed a frost giant
 13023 | IceCv    | Identified Wodwiuhe's Guide on the Glacier
 13363 | Lair:2   | Killed Fannar
 13504 | Lair:2   | Killed a six-headed hydra
 14066 | Lair:3   | Found a hole to the Spider Nest.
 14226 | Lair:3   | Reached skill level 14 in Long Blades
 14253 | Lair:3   | Noticed a six-headed hydra
 14258 | Lair:3   | Killed a six-headed hydra
 14264 | Lair:3   | Reached skill level 1 in Earth Magic
 14266 | Lair:3   | Reached skill level 1 in Transmutations
 16093 | Lair:4   | Reached XP level 13. HP: 84/90 MP: 13/13
 16841 | Lair:4   | Found a staircase to the Swamp.
 17371 | Lair:4   | Reached ****** piety under Hepliaklqana
 18013 | Lair:5   | Found a viscous altar of Jiyva.
 18014 | Lair:5   | Found a staircase to the Slime Pits.
 18055 | Lair:5   | Noticed Kirke
 18068 | Lair:5   | Killed Kirke
 18068 | Lair:5   | Reached skill level 5 in Transmutations
 18073 | Lair:5   | Reached skill level 5 in Earth Magic
 18090 | Lair:5   | Found an iron altar of Okawaru.
 18467 | Lair:5   | HP: 2/92 [swamp worm (13)]
 18467 | Lair:5   | Mangled by a swamp worm

Vault maps used:
D:1:      dpeg_arrival_stone_temple_mockup
D:2:      kennysheep_slug_shrine, lemuel_round_altar
D:3:      first_bread, minmay_misc_feat_more_columns,
          hangedman_abyss_or_decor_lesser_grid, minmay_misc_feat_doors,
          fedhas_altar_1
D:4:      yredelemnul_altar_generic, minitemple, uniq_edmund, uniq_grinder
D:5:      marbit_many_paths, overflow_temple_1_default, minivault_11,
          lemuel_flamethrower_2, uniq_blork_the_orc, uniq_duvessa, uniq_menkaure
D:6:      kennysheep_spiral_hall, ashenzari_altar_1,
          nicolae_overflow_crystal_walls, lightli_ossuary_entry_decrepit_ruins,
          gup_sewer_entry_glass, uniq_sigmund
D:7:      kennysheep_six_static_rooms, serial_shops, nicolae_shop_statue_plus,
          minivault_19
D:8:      lemuel_doored_altar
D:9:      nicolae_ru_sacrificial_ziggurat, blue_anna_alchemist, uniq_joseph,
          uniq_pikel
D:10:     lair_0_dummy
D:11:     erik_orc_1, hangedman_abyss_or_decor_passed,
          kennysheep_generic_room_10
Lair:1:   basic_altar, grunt_megastairs_3
Lair:2:   portal_ice_cave_rime, uniq_fannar
Lair:3:   spider_nest_entry_a, nicolae_lair_grove_arrangements,
          grunt_megastairs_5
Lair:4:   lemuel_slime, swamp_mist_pool, infiniplex_staircase_pool_2
Lair:5:   slime_altar_1, basic_altar, minmay_holes, worms_lemuel,
          lemuel_fruit_fields, uniq_kirke
Sewer:    sewer_co_purgy_island
IceCv:    ice_cave_caverns_03

Skill      XL: |  1  2  3  4  5  6  7  8  9 10 11 12 13 |
---------------+----------------------------------------+-----
Short Blades   | 2 3 |  3.8
Stealth        | 4 5 6 7 |  7.0
Long Blades    | 3 4 6 8 10 11 13 14 | 14.0
Dodging        | 3 5 7 8 9 |  9.1
Fighting       | 3 5 7 9 |  9.8
Earth Magic    | 3 5 |  5.1
Transmutations | 3 5 |  5.3
Throwing       | |  1.7

Action                   |  1- 3 |  4- 6 |  7- 9 | 10-12 | 13-15 || total
-------------------------+-------+-------+-------+-------+-------++-------
Melee: Dagger            |   114 |   121 |       |     5 |       ||   240
       Kick              |    14 |       |       |       |       ||    14
       Scimitar          |       |    35 |   331 |   840 |   264 ||  1470
 Fire: Blowgun           |     2 |       |       |       |       ||     2
Invok: Ancestor Life: He |       |       |     1 |       |       ||     1
Evoke: Wand              |       |       |       |    26 |       ||    26
  Use: Scroll            |       |       |    11 |     9 |     2 ||    22
       Potion            |       |       |       |     7 |       ||     7
 Stab: Sleeping          |     9 |     6 |    13 |    21 |     7 ||    56
       Distracted        |       |       |     3 |    12 |     6 ||    21
       Confused          |       |       |       |    19 |     6 ||    25
  Eat: Chunk             |       |     6 |    16 |    20 |     4 ||    46
       Pizza             |       |       |     1 |     3 |       ||     4
       Royal jelly       |       |       |     1 |       |       ||     1
       Beef jerky        |       |       |       |     2 |       ||     2
       Bread ration      |       |       |       |       |     1 ||     1
Armor: Robe              |    49 |    49 |    85 |     6 |       ||   189
       Steam dragon armo |       |       |       |   107 |       ||   107
       Leather armour    |       |       |       |    50 |    30 ||    80
Dodge: Dodged            |    62 |    91 |   129 |   508 |   118 ||   908
Block: Other             |       |       |     7 |    25 |     9 ||    41
